 Dungeon Crawl Stone Soup version 0.30.1-6-gbe392663c4 (webtiles) character file.

Game seed: 10635409718980460678

1402 Danienth the Cudgeller (level 8, -3/63 HPs)
             Began as a Green Draconian Air Elementalist on Sept 18, 2023.
             Was an Initiate of Ashenzari.
             Slain by a +1 spectral quarterstaff (7 damage)
             ... created by Joseph
             ... on level 7 of the Dungeon on Sept 21, 2023.
             The game lasted 00:26:06 (5038 turns).

Danienth the Cudgeller (DrAE)                       Turns: 5038, Time: 00:26:06

Health: -3/63      AC:  7    Str: 18    XL:     8   Next: 42%
Magic:  11/12      EV: 13    Int: 22    God:    Ashenzari [......]
Gold:   310        SH:  0    Dex: 12    Spells: 1/13 levels left

rFire   . . .        l - +4 demon whip (elec)
rCold   . . .        (no shield)
rNeg    . . .        (body armour unavailable)
rPois   +            (helmet restricted)
rElec   .            y - +0 cloak
rCorr   .            (no gloves)
SInv    .            (no boots)
Will    .....        j - amulet of magic regeneration
Stlth   +++          i - +6 ring of intelligence
HPRegen 0.30/turn    p - ring of Ouranomancy {Str+6, Cun, Comp} (curse)
MPRegen 0.53/turn

%: no passive effects
@: short of breath, hasted, very quick
A: breathe noxious fumes, AC +6, unfitting armour, poison resistance,
cold-blooded
a: Breathe Noxious Fumes, Renounce Religion, Shatter the Chains


You were on level 7 of the Dungeon.
You worshipped Ashenzari.
Ashenzari was noncommittal.
You visited 2 branches of the dungeon, and saw 8 of its levels.

You collected 310 gold pieces.

Inventory:

Hand Weapons
 f - a +4 whip of freezing
 l - a +4 demon whip of electrocution (weapon)
Armour
 w - an orb of guile
 y - a +0 cloak (worn)
Jewellery
 i - a +6 ring of intelligence (left hand)
 j - an amulet of magic regeneration (around neck)
 p - the cursed ring of Ouranomancy (right hand) {Str+6, Cun, Comp}
   (You found it on level 4 of the Dungeon)

   [ring of strength]

   Str:       It affects your strength (+6).
   It has a curse which improves the following skills: Cunning: Dodging and
   Stealth.
   Companions: Summonings and Necromancy.
 t - a ring of magical power
Wands
 d - a wand of flame (23)
 q - a wand of iceblast (13)
 x - a wand of paralysis (10)
Scrolls
 c - a scroll of teleportation
 g - a scroll of silence {unknown}
 h - 3 scrolls of blinking
 m - a scroll of noise
 o - a scroll of poison
 r - a scroll of fog {unknown}
 v - a scroll of enchant armour {unknown}
 D - a scroll of fear {unknown}
 E - a scroll of vulnerability {unknown}
 F - a scroll of brand weapon
Potions
 a - 2 potions of magic
 b - 2 potions of degeneration
 e - 3 potions of brilliance
 k - 3 potions of might
 n - a potion of invisibility {unknown}
 s - a potion of flight {unknown}
 u - 2 potions of haste
 z - a potion of curing
 A - 2 potions of resistance {unknown}
 B - 2 potions of attraction
 C - a potion of ambrosia {unknown}


   Skills:
 + Level 3.3 Fighting
 - Level 6.1 Maces & Flails
 - Level 4.4(4.8) Dodging
 - Level 4.0(4.4) Stealth
 + Level 3.3 Spellcasting
 + Level 2.5 Conjurations
 + Level 0.1 Summonings
 - Level 4.0 Air Magic


You had one spell level left.
You knew the following spells:

 Your Spells              Type           Power      Damage    Failure   Level
a - Shock                 Conj/Air       72%        1d7       3%          1
b - Summon Small Mammal   Summ           16%        N/A       12%         1
c - Static Discharge      Conj/Air       36%        2-4/arc   4%          2
d - Swiftness             Air            21%        N/A       7%          3
e - Passwall              Tmut/Erth      2%         N/A       19%         2
f - Ignite Poison         Fire/Tmut/Pois 3%         N/A       36%         3

Your spell library contained the following spells:

 Spells                   Type           Power      Damage    Failure   Level
 Sandblast                Erth           6%         2d5       12%         1
 Cigotuvi's Dreadful Rot  Necr/Pois/Air  18%        N/A       11%         2
 Sublimation of Blood     Necr           3%         N/A       19%         2
 Wereblood                Tmut           3%         N/A       19%         2
 Stone Arrow              Conj/Erth      18%        3d8       22%         3
 Airstrike                Air            10%        2d(2-18)  22%         4
 Call Canine Familiar     Summ           4%         N/A       34%         3
 Summon Guardian Golem    Hex/Summ       3%         N/A       34%         3
 Freezing Cloud           Conj/Ice/Air   6%         6-21      80%         5
 Summon Hydra             Summ           2%         N/A       100%        7


Dungeon Overview and Level Annotations

Branches:
Dungeon (7/15)             Temple (1/1) D:5

Altars:
Ashenzari
Cheibriados
Dithmenos
Fedhas
Gozag
Hepliaklqana
Kikubaaqudgha
Makhleb
Nemelex Xobeh
Okawaru
Qazlal
Ru
Sif Muna
Trog
Uskayaw
Wu Jian
Xom
Yredelemnul
Zin
The Shining One

Annotations:
D:7 Joseph


Innate Abilities, Weirdness & Mutations

You can breathe blasts of noxious fumes.
Your lurid green scales are hard. (AC +6)
You cannot fit into any form of body armour.
Your system is resistant to poisons. (rPois)
You are cold-blooded and may be slowed by cold attacks.


Message History

Joseph unwields a +0 sling.
Joseph wields a +1 spectral quarterstaff.
Joseph hits you with a +1 spectral quarterstaff.
The +1 spectral quarterstaff hits you but does no damage.
Joseph hits himself with a +1 spectral quarterstaff!
The +1 spectral quarterstaff hits Joseph!
A +1 spectral quarterstaff comes into view.
Hit: l) +4 demon whip (elec)
Press: ? - help, Dir - move target, f/p - Joseph
Aim: Joseph, wielding a +1 spectral quarterstaff and wearing a +0 ring mail (severely wounded, confused, about 16% to evade your +4 demon whip of electrocution)
You hit Joseph but do no damage.
Joseph is severely wounded.
The +1 spectral quarterstaff barely misses you.
Hit: l) +4 demon whip (elec)
Press: ? - help, Dir - move target, f/p - Joseph
Aim: Joseph, wielding a +1 spectral quarterstaff and wearing a +0 ring mail (severely wounded, confused, about 16% to evade your +4 demon whip of electrocution)
You hit Joseph. You tail-slap Joseph, but do no damage.
Joseph is almost dead.
The +1 spectral quarterstaff misses you.
Joseph hits you with a +1 spectral quarterstaff!
The +1 spectral quarterstaff hits you!
Hit: l) +4 demon whip (elec)
Press: ? - help, Dir - move target, f/p - Joseph
Aim: Joseph, wielding a +1 spectral quarterstaff and wearing a +0 ring mail (almost dead, confused, about 16% to evade your +4 demon whip of electrocution)
You hit Joseph but do no damage. You tail-slap Joseph, but do no damage.
Joseph is almost dead.
The +1 spectral quarterstaff closely misses you.
The +1 spectral quarterstaff hits you.
Hit: l) +4 demon whip (elec)
Press: ? - help, Dir - move target, f/p - Joseph
Aim: Joseph, wielding a +1 spectral quarterstaff and wearing a +0 ring mail (almost dead, confused, about 16% to evade your +4 demon whip of electrocution)
You barely miss Joseph.
Your tail-slap misses Joseph.
Joseph is almost dead.
Joseph drinks a potion.
Joseph is healed!
The +1 spectral quarterstaff hits you!
You feel yourself speed up. The +1 spectral quarterstaff hits you!
* * * LOW HITPOINT WARNING * * *
The +1 spectral quarterstaff disappears.
Joseph barely misses you. The +1 spectral quarterstaff hits you!
You die...

.# ####.# .....#
#....# #
#.#####.#.#######
...#.........#.....#
#....###..###.....#
#.@@..#........#
###(###.###.#### #>#
#.# #.# #.. ... #.#
#......##.#
##.....##.#
########.########
#........#
###############.#


You could see Joseph (confused) and a +1 spectral quarterstaff (wandering).

Vanquished Creatures
  Grinder (D:3)
  A water moccasin (D:6)
  Pargi (D:4)
  A black bear (D:6)
  An ice beast (D:4)
  2 ogres
  A phantom (D:4)
  A kobold brigand (D:6)
  A bullfrog (D:6)
  Blork the orc (D:4)
  3 hounds (D:4)
  A jelly (D:4)
  2 sleepcaps (D:5)
  An orc priest (D:3)
  An orc wizard (D:5)
  8 adders
  A white imp (D:5)
  An ufetubus (D:6)
  A worm (D:5)
  A dart slug (D:4)
  10 orcs
  6 ball pythons
  8 endoplasms
  3 giant cockroaches
  8 goblins
  4 hobgoblins
  3 quokkas
  A bat (D:1)
  A frilled lizard (D:1)
  9 kobolds
  2 rats
86 creatures vanquished.

Notes
Turn   | Place    | Note
-------+----------+-------------------------------------------
     0 | D:1      | Danienth the Draconian Air Elementalist began the quest for
                  | the Orb.
     0 | D:1      | Reached XP level 1. HP: 14/14 MP: 3/3
     0 | D:1      | Upgraded the game from 0.30.1-4-g462c640d31 to
                  | 0.30.1-6-gbe392663c4
    83 | D:1      | Learned a level 1 spell: Summon Small Mammal
   280 | D:1      | Reached XP level 2. HP: 22/22 MP: 5/5
  1062 | D:2      | Reached skill level 1 in Maces & Flails
  1071 | D:2      | Reached XP level 3. HP: 20/27 MP: 6/6
  1386 | D:3      | Noticed Grinder
  1389 | D:3      | Reached skill level 1 in Fighting
  1389 | D:3      | Reached XP level 4. HP: 22/35 MP: 4/7
  1394 | D:3      | HP: 1/35 [Grinder/nerve-wracking pain (12)]
  1521 | D:3      | Killed Grinder
  1522 | D:3      | Reached skill level 3 in Maces & Flails
  1522 | D:3      | Reached XP level 5. HP: 4/41 MP: 4/8
  1522 | D:3      | Reached XP level 6. HP: 5/48 MP: 4/9
  1723 | D:3      | Found a glowing golden altar of the Shining One.
  2278 | D:3      | Learned a level 2 spell: Static Discharge
  2282 | D:3      | Learned a level 3 spell: Swiftness
  2285 | D:3      | Learned a level 2 spell: Passwall
  2297 | D:4      | Noticed Blork the orc
  2301 | D:4      | Killed Blork the orc
  2309 | D:4      | HP: 1/48 [acid (6)]
  2726 | D:4      | Noticed an ice beast
  2732 | D:4      | Killed an ice beast
  2733 | D:4      | Reached skill level 4 in Maces & Flails
  2765 | D:4      | Your scales start taking on a lurid green colour.
  2765 | D:4      | Reached XP level 7. HP: 45/56 MP: 10/10
  2765 | D:4      | Gained mutation: Your system is resistant to poisons.
                  | (rPois) [Green Draconian growth]
  3125 | D:4      | Noticed Pargi
  3138 | D:4      | Killed Pargi
  3450 | D:5      | Entered Level 5 of the Dungeon
  3609 | D:5      | Reached skill level 5 in Maces & Flails
  3686 | D:5      | Found a staircase to the Ecumenical Temple.
  3692 | Temple   | Entered the Ecumenical Temple
  3700 | Temple   | Became a worshipper of Ashenzari the Shackled
  4335 | D:6      | Reached XP level 8. HP: 63/63 MP: 12/12
  4590 | D:6      | Reached skill level 6 in Maces & Flails
  4862 | D:6      | Found an ancient bone altar of Kikubaaqudgha.
  4868 | D:6      | Learned a level 3 spell: Ignite Poison
  5022 | D:7      | Noticed Joseph
  5038 | D:7      | Slain by a +1 spectral quarterstaff

Illustrated notes

Levels and vault maps discovered:
D:1:      grunt_arrival_crossed_arrows, layout_basic
D:2:      layout_rooms, nicolae_elevator_lobby_plus
D:3:      layout_basic, mainiacjoe_overflow_six_doors_small, uniq_grinder
D:4:      layout_basic, nrook_uturn, mrwooster_statue_mirror,
          uniq_blork_the_orc, uniq_pargi
D:5:      layout_basic, minmay_temple_entry_statues, serial_bayou_pond_e
D:6:      layout_rooms, lemuel_coloured_pillars_altar
D:7:      layout_basic, marbit_many_paths, uniq_joseph
Temple:   nicolae_temple_bog_church

Skill      XL: |  1  2  3  4  5  6  7  8 |
---------------+-------------------------+-----
Dodging        | 2 3 4 |  4.4
Stealth        | 2 3 4 |  4.0
Maces & Flails | 1 3 4 5 6 |  6.1
Fighting       | 1 2 3 |  3.3
Conjurations   | 2 |  2.5
Spellcasting   | 3 |  3.3
Air Magic      | 4 |  4.0
Summonings     | |  0.1

Action                     |  1- 3 |  4- 6 |  7- 9 || total
---------------------------+-------+-------+-------++-------
  Melee: Whip              |    57 |    20 |       ||    77
         Unarmed           |    10 |       |       ||    10
         Tailslap          |     5 |     3 |    13 ||    21
         Demon whip        |       |    33 |    91 ||   124
         Punch             |       |       |     1 ||     1
   Cast: Shock             |     7 |    42 |    29 ||    78
         Summon Small Mamm |       |       |     1 ||     1
         Swiftness         |       |       |     1 ||     1
 Invoke: Curse Item        |       |       |     1 ||     1
Ability: Breathe Noxious F |       |       |     2 ||     2
    Use: Scroll            |     5 |     2 |     7 ||    14
         Potion            |     2 |     1 |     1 ||     4
   Stab: Sleeping          |     1 |     3 |     2 ||     6
         Distracted        |       |       |     1 ||     1
         Confused          |       |       |     1 ||     1
 Armour: Skin              |    19 |    10 |    32 ||    61
  Dodge: Dodged            |    50 |    23 |    59 ||   132
